[Event "1st Festival ChessInLyon-GM 2024"]
[Site "Lyon"]
[Date "2024.04.25"]
[Round "5.5"]
[White "Pourramezanali, Amirreza"]
[Black "Crut, Aurelien"]
[Result "1-0"]
[ECO "D46"]
[WhiteElo "2502"]
[BlackElo "2312"]
[Annotator "TA"]
[PlyCount "47"]
[EventDate "2024.04.23"]
[EventType "tourn"]
[EventCountry "FRA"]
[SourceTitle "playchess.com"]
[Source "ChessBase"]
[SourceQuality "1"]
[TimeControl "40/5400+30:1800+30"]

1. d4 d5 2. c4 e6 3. Nf3 Nf6 4. e3 c6 5. Bd3 Nbd7 6. O-O Bd6 7. Nc3 O-O 8. e4 dxe4 9. Nxe4 Nxe4 10. Bxe4 c5 11. Bc2 Qc7 12. Re1 b6 (12... Rd8 $11) 13. Qd3 $14 {[%emt 0:00:50][%csl Gc2][%cal Rd3h7] [#]} g6 14. Bh6 {[%emt 0:00:06] White is better.} Re8 15. Rad1 {[%emt 0:02:35] White is more active.} Nf6 $2 {[%emt 0:06:22] [#]} (15... Bf8 $16 16. Bxf8 Rxf8) 16. dxc5 $1 $18 Bxc5 17. Qc3 Be7 (17... Bxf2+ 18. Kf1 Qe7 (18... Bxe1 19. Qxf6 Qxc4+ 20. Rd3) 19. Re2 (19. Kxf2 Ng4+ 20. Kg1 Nxh6 $14)) 18. Ne5 {[%emt 0:23:50] And now Qg3 would win.} Rd8 $2 (18... Bb7 {keeps fighting.} 19. Nd7 e5 (19... Qc6 $2 20. Be4 $18)) 19. Rxd8+ Bxd8 20. Nc6 Nh5 $2 (20... Qxc6 21. Be4 Qd6) 21. Nxd8 {[%emt 0:01:01] White is clearly winning.} Qxd8 {[%emt 0:00:03] Black is weak on the dark squares} 22. Rd1 Qe7 23. Qa3 Qe8 24. Ba4 {[%emt 0:00:11] White took control after the opening.   Weighted Error Value: White=0.17 (very precise) /Black=0.96.  Mistake:       	---       	Black=4      Inaccurate:     	White=1     	Black=1      OK:         	White=5     	Black=2      Best:        	White=1     	---        Strong:       	White=1     	---} 1-0

[Event "1st Festival ChessInLyon-GM 2024"]
[Site "Lyon"]
[Date "2024.04.25"]
[Round "6.1"]
[White "Droin, Augustin"]
[Black "Gatineau, Yovann"]
[Result "1-0"]
[ECO "C13"]
[WhiteElo "2478"]
[BlackElo "2408"]
[Annotator "TA"]
[PlyCount "75"]
[EventDate "2024.04.23"]
[EventType "tourn"]
[EventCountry "FRA"]
[SourceTitle "playchess.com"]
[Source "ChessBase"]
[SourceQuality "1"]
[TimeControl "40/5400+30:1800+30"]

1. e4 e6 2. d4 d5 3. Nc3 Nf6 4. Bg5 dxe4 5. Nxe4 Be7 6. Bxf6 gxf6 7. Nc3 c6 8. Nf3 Qd6 9. Qd2 {[%emt 0:02:45] White is slightly better.} Nd7 10. Ne4 Qc7 11. Qh6 b6 12. Qg7 Rf8 13. Qg3 Qb8 14. a4 Bb7 15. Bd3 a6 16. c4 c5 17. d5 exd5 18. cxd5 Bxd5 19. O-O-O Qxg3 20. hxg3 Bc6 (20... Bb3 $11) 21. Nc3 $14 (21. Rxh7 $6 b5 22. Re1 Kd8 $16) 21... Ne5 22. Nxe5 (22. Rxh7 Nxd3+ 23. Rxd3 Rd8 $11) 22... fxe5 23. Rh5 Bf6 $2 {[%emt 0:08:10] [#] Loses the game.} (23... Bxg2 $14 24. Rxe5 Rd8) 24. Be4 $18 (24. Bxh7 $6 Rd8 $16) 24... Bxe4 25. Nxe4 Ke7 26. Rd6 (26. Rxh7 Rab8 27. Kc2 Rh8 28. Rxh8 (28. Nxf6 Kxf6 29. Rd6+ Ke7 $16) 28... Bxh8 $16) 26... Bh8 27. Rxb6 Rfb8 28. Rxb8 Rxb8 29. Rxh7 {[%emt 0:00:06][%mdl 4096] Endgame. KRB-KRN} (29. Nxc5 e4 $16) 29... a5 30. g4 (30. Nxc5 e4 31. b3 (31. Nxe4 Bxb2+ 32. Kd2 Rb4 $16) 31... Bd4 32. Nxe4 Rxb3 $16) 30... Rg8 31. f3 (31. Nxc5 Bf6 32. g5 (32. f3 $2 Rc8 $19) 32... Rxg5 $16) 31... Bf6 32. Rh5 (32. Nxc5 $2 {perishes.} Rc8 33. Rh5 (33. b4 $2 axb4 34. Kb2 Rxc5 $19) 33... Rxc5+ 34. Kd2 Rd5+ 35. Kc2 Rd4 $19) 32... c4 33. Kc2 {[%emt 0:00:12] [#] aiming for Rh6.} Rb8 $2 (33... Bg7 {was necessary.} 34. Rh7 c3 35. bxc3 (35. Nxc3 Kf6 $18) 35... f6) 34. Rh6 {[%emt 0:00:09] White is clearly winning.} Bg7 35. Ra6 Rh8 36. Rxa5 Rh2 37. Rb5 Rxg2+ 38. Kc3 {[%emt 0:00:02] Weighted Error Value: White=0.06 (flawless) /Black=0.33.  Loses game:     	---       	Black=1      Mistake:       	---       	Black=2      Inaccurate:     	White=1     	Black=1      OK:         	White=13    	Black=14     Best:        	White=2     	---} 1-0

[Event "1st Festival ChessInLyon-GM 2024"]
[Site "Lyon"]
[Date "2024.04.25"]
[Round "6.2"]
[White "Boyer, Mahel"]
[Black "Pourramezanali, Amirreza"]
[Result "1/2-1/2"]
[ECO "D79"]
[WhiteElo "2432"]
[BlackElo "2502"]
[Annotator "TA"]
[PlyCount "31"]
[EventDate "2024.04.23"]
[EventType "tourn"]
[EventCountry "FRA"]
[SourceTitle "playchess.com"]
[Source "ChessBase"]
[SourceQuality "1"]
[TimeControl "40/5400+30:1800+30"]

1. Nf3 d5 2. g3 g6 3. Bg2 Bg7 4. d4 Nf6 5. O-O O-O 6. c4 c6 7. cxd5 cxd5 8. Nc3 Ne4 9. Ne5 Nxc3 10. bxc3 Nc6 11. Nxc6 bxc6 12. Qa4 {[%emt 0:00:39] The position is equal.} Qb6 13. e4 Ba6 14. Re1 e6 15. Ba3 {[%emt 0:00:48] [#] exd5 would now be deadly.} Bb5 16. Qb3 {[%emt 0:06:24] A rather calm draw.   Weighted Error Value: White=0.03 (flawless) /Black=0.01 (flawless) .  OK:         	White=1     	Black=2} 1/2-1/2

[Event "1st Festival ChessInLyon-GM 2024"]
[Site "Lyon"]
[Date "2024.04.25"]
[Round "6.3"]
[White "Tahay, Alexis"]
[Black "Vlachos, Anatole"]
[Result "1/2-1/2"]
[ECO "B15"]
[WhiteElo "2382"]
[BlackElo "2482"]
[Annotator "TA"]
[PlyCount "123"]
[EventDate "2024.04.23"]
[EventType "tourn"]
[EventCountry "FRA"]
[SourceTitle "playchess.com"]
[Source "ChessBase"]
[SourceQuality "1"]
[TimeControl "40/5400+30:1800+30"]

1. e4 c6 2. d4 d5 3. Nd2 dxe4 4. Nxe4 Nf6 5. Qd3 Nxe4 6. Qxe4 {[%emt 0:00:04] B15: Caro-Kann: 3 Nc3: 3...g6 and 3...dxe4 4 Nxe4 Nf6 5 Nxf6+ exf6.} Qd5 7. Qe3 Bf5 8. c3 $146 ({Predecessor:} 8. c4 Qe6 9. Nf3 Na6 10. a3 g6 11. Be2 Bg7 12. O-O O-O 13. Qxe6 Bxe6 14. Be3 {1-0 Khamdamova,A (2260)-Balabayeva,K (2186) Asian Continental (Women) op 20th 2023 (4)}) 8... g6 9. Nf3 Nd7 10. Be2 h5 11. c4 Qa5+ 12. Bd2 Qb6 13. O-O Qxb2 14. Bc3 Qc2 15. d5 Bh6 16. Qd4 f6 17. Bd1 Qd3 18. dxc6 bxc6 19. Ba4 Rc8 20. Rfe1 Kf7 (20... Qxd4 {simplifies} 21. Nxd4 Kf7 22. Bxc6 Ne5) 21. Rad1 Qxd4 22. Nxd4 Nb6 23. Bxc6 {[%emt 0:06:24] [#]} (23. Nxf5 $11 gxf5 24. Bc2) 23... e5 (23... Bg4 $1 $17 24. c5 Bxd1 25. cxb6 axb6 26. Bd5+ (26. Rxd1 $2 {perishes.} Rhd8 $19) 26... Kf8) 24. Nxf5 $15 Rxc6 25. Nxh6+ Rxh6 26. Ba5 Rxc4 27. Bxb6 axb6 28. Rd6 Rb4 ({Black should try} 28... b5 $17) 29. a3 $11 Ra4 30. Re3 Rh8 31. Rf3 f5 32. Rg3 Rg4 33. Rc3 Kg7 34. h3 ({Much less strong is} 34. Rxb6 $6 Kh6 $16) 34... Rd4 35. Rxb6 Kh6 36. Rcc6 Rg8 37. Re6 e4 38. h4 e3 39. Rxe3 Rxh4 40. Rb4 Rg4 41. f3 Rg5 (41... Rxb4 $1 $11 42. axb4 Kg5) 42. Re2 $14 Rf8 {[%emt 0:04:00] [#]} 43. a4 (43. Rf4 $1 $16) 43... f4 $1 $11 44. Rb5 Ra8 45. Rxg5 Kxg5 46. Ra2 Ra5 47. Kf2 Kh4 48. Ra1 Kg5 49. Ra2 Kf5 50. Ke2 g5 51. Kd3 g4 52. fxg4+ hxg4 53. Kc4 f3 54. gxf3 gxf3 55. Kb4 Re5 56. a5 Re2 57. Ra1 f2 58. Rf1 Ke4 59. Kc5 Rc2+ 60. Kb6 Rb2+ 61. Kc6 Ra2 62. Kb6 1/2-1/2

[Event "1st Festival ChessInLyon-GM 2024"]
[Site "Lyon"]
[Date "2024.04.25"]
[Round "6.4"]
[White "Crut, Aurelien"]
[Black "Fedorchuk, Sergey A."]
[Result "0-1"]
[ECO "B51"]
[WhiteElo "2312"]
[BlackElo "2557"]
[Annotator "TA"]
[PlyCount "142"]
[EventDate "2024.04.23"]
[EventType "tourn"]
[EventCountry "FRA"]
[SourceTitle "playchess.com"]
[Source "ChessBase"]
[SourceQuality "1"]
[TimeControl "40/5400+30:1800+30"]

1. e4 c5 2. Nf3 d6 3. Bb5+ Nd7 4. a4 Ngf6 5. Nc3 g6 6. a5 {[%emt 0:01:44] B51: Sicilian: Moscow Variation (3 Bb5+) without 3...Bd7.} Bg7 7. O-O O-O 8. a6 Qc7 $5 {[%emt 0:16:22][%mdl 4] An interesting side line.} 9. d3 $146 ({Predecessor:} 9. Qe2 bxa6 10. Bxa6 Bxa6 11. Rxa6 Nb8 12. Ra4 Nc6 13. d3 Qb7 14. e5 dxe5 15. Nxe5 {0-1 Henriquez Villagra,C (2524)-Valenzuela Fuentealba,L (2442) Santiago de Chile m 2018 (3)}) 9... Nb8 10. axb7 Bxb7 11. Bg5 a6 12. Bc4 e6 13. Qd2 Re8 14. Bb3 Nc6 15. Rfe1 Nd7 16. Ba4 Reb8 17. Bh6 Bh8 18. h3 Nb6 19. Bxc6 Bxc6 20. Rab1 a5 21. b3 Nd7 22. Bf4 Rb4 23. Rbd1 a4 24. Nxa4 Bxa4 25. bxa4 Rbxa4 26. c4 Ra3 27. Rc1 Rb8 28. Red1 Rbb3 29. Qe2 Qb8 30. Rc2 Bg7 31. Kh2 h6 32. g3 Kh7 33. Kg2 Nb6 34. Bc1 Ra1 35. Ra2 Na4 ({Black should try} 35... Rxa2 $11 36. Qxa2 Rb4) 36. Rxa1 $1 $14 Bxa1 (36... Nc3 $14 37. Qc2 (37. Ng5+ $2 hxg5 38. Qf3 Nxd1 $19) 37... Nxd1) 37. Bd2 ({Better is} 37. Bxh6 $1 $16 Bh8 (37... Nc3 $2 38. Ng5+ Kxh6 39. Qg4 $18) 38. Be3) 37... Bg7 $15 38. Rc1 Qb7 39. Rc2 Nb2 40. Ne1 f5 41. Bc1 Na4 42. Bd2 Rb1 43. Nf3 Rb3 44. h4 fxe4 45. Qxe4 Qxe4 46. dxe4 Rb2 47. Ne1 $2 {[%emt 0:01:11] [#]} (47. Rc1 $11) 47... Nb6 $1 $17 48. Rxb2 Bxb2 49. Nd3 Nxc4 50. Bf4 Bd4 51. Kf1 h5 52. Ke2 Kg7 53. f3 Kf7 54. Bc1 (54. g4 $17) 54... Ne5 $19 55. Nf4 Ba1 56. Nh3 c4 57. Ba3 (57. Nf4 $142) 57... d5 $19 58. Ng5+ Kf6 59. Nh7+ $2 (59. f4 {is a better defense.} Nc6 60. Nh7+ Kg7 61. Ng5 Nd4+ 62. Kd2) 59... Kg7 $19 60. Ng5 {[%emt 0:00:09] [#]} d4 $1 61. f4 (61. Bb4 $142 Nc6 62. Bd6) 61... d3+ $19 62. Kd1 Ng4 63. Nxe6+ Kf6 64. Nc5 Bc3 65. Nd7+ Ke6 66. Nf8+ Kf7 67. Bc5 Bb2 68. Kd2 Nf6 69. Ke3 Bc1+ 70. Kf3 c3 71. Bb4 c2 0-1

[Event "1st Festival ChessInLyon-GM 2024"]
[Site "Lyon"]
[Date "2024.04.25"]
[Round "6.5"]
[White "Poetsch, Hagen"]
[Black "Shyaamnikhil P"]
[Result "1/2-1/2"]
[ECO "A46"]
[WhiteElo "2460"]
[BlackElo "2390"]
[Annotator "TA"]
[PlyCount "46"]
[EventDate "2024.04.23"]
[EventType "tourn"]
[EventCountry "FRA"]
[SourceTitle "playchess.com"]
[Source "ChessBase"]
[SourceQuality "1"]
[TimeControl "40/5400+30:1800+30"]

1. d4 Nf6 2. Nf3 e6 3. g3 b5 4. Bg2 Bb7 5. O-O c5 6. c3 cxd4 7. cxd4 Be7 {[%emt 0:00:19] The position is equal.} 8. a4 bxa4 9. Qxa4 O-O 10. Nbd2 d5 11. Ne5 Qb6 12. Nb3 Ba6 13. Bf3 Bb5 14. Qa5 {[%emt 0:00:52] [#] Qxb6 is the strong threat.} Nc6 15. Qxb6 axb6 16. Nxc6 Bxc6 17. Bf4 Rfc8 18. Rfc1 {[%emt 0:02:06] [#] Rxa8 would now be deadly.} Rxa1 19. Rxa1 Ne8 20. Ra6 g5 21. Bd2 Rb8 22. Nc1 Nc7 23. Ra7 Rb7 {[%emt 0:07:23] An uneventful encounter.   Weighted Error Value: White=0.04 (flawless) /Black=0.04 (flawless) .  Inaccurate:     	White=1     	---        OK:         	White=8     	Black=7} 1/2-1/2

[Event "1st Festival ChessInLyon-GM 2024"]
[Site "Lyon"]
[Date "2024.04.26"]
[Round "7.1"]
[White "Vlachos, Anatole"]
[Black "Poetsch, Hagen"]
[Result "0-1"]
[ECO "C11"]
[WhiteElo "2482"]
[BlackElo "2460"]
[Annotator "TA"]
[PlyCount "76"]
[EventDate "2024.04.23"]
[EventType "tourn"]
[EventCountry "FRA"]
[SourceTitle "playchess.com"]
[Source "ChessBase"]
[SourceQuality "1"]
[TimeControl "40/5400+30:1800+30"]

1. e4 e6 2. d4 d5 3. Nc3 Nf6 4. e5 Nfd7 5. f4 c5 6. Nf3 Nc6 7. Be3 cxd4 8. Nxd4 Qb6 9. a3 Bc5 10. Ncb5 (10. Na4 $5 Qa5+ $8 11. c3 Bxd4 12. Bxd4 $11) 10... Nxd4 11. Bxd4 O-O 12. b4 {[%emt 0:00:30] The position is equal.} Bxd4 13. Qxd4 f6 14. exf6 Rxf6 15. g3 a5 16. Qxb6 Nxb6 17. c3 Bd7 18. Nd4 axb4 19. cxb4 g5 20. fxg5 Rf7 21. Be2 e5 22. Nf3 Nc4 23. O-O Bh3 24. Rfc1 Bg4 (24... Rxa3 $2 {is the wrong capture.} 25. Rxa3 (25. Bxc4 Rxa1 26. Rxa1 dxc4 $14) 25... Nxa3 26. g6 $18 (26. Nxe5 Re7 $16)) 25. Bxc4 Bxf3 26. Bb3 Rd8 27. Rc5 Rf5 (27... Rfd7 $14) 28. h4 (28. Rf1 $16 {[%cal Ob3d5] And now Bxd5+! would win.} e4 29. Rc7) 28... e4 $11 29. Re1 Kf7 {[%emt 0:02:26] [#]} ({Better is} 29... h6 $14) 30. g4 $1 Re5 $14 31. Kf2 $1 {[%emt 0:00:00] Hoping for Kg3.} Ke7 ({Black should play} 31... Bxg4 $14 32. Ke3 Rf5) 32. Rg1 (32. Rc7+ $16 Rd7 33. Rxd7+ Kxd7 34. Bd1 Bxd1 35. Rxd1) 32... Kd6 $1 $11 33. Ke3 {[%emt 0:00:00] aiming for a4.} b6 34. Rc3 {[%emt 0:00:00] Threatens to win with Rgc1.} Rde8 $1 35. Re1 Bxg4 36. Kd4 Bd7 $1 {[%emt 0:00:58] Against Ba4} 37. Rf1 $2 {[%emt 0:00:00][%mdl 8192] [#]} (37. Rg3 $11) 37... e3 $1 $19 38. Bc2 {[%emt 0:00:00] [#] Wards off Re4+} (38. Rf6+ $19 R8e6 39. Rc1 (39. Rxe6+ Bxe6 40. Rxe3 Rxe3 $19) 39... Re4+ 40. Kd3) 38... Re4+ $1 {[%emt 0:01:17][%mdl 512] Weighted Error Value: White=0.49/Black=0.14 (very precise) .  Loses game:     	White=1     	---        Mistake:       	White=4     	Black=3      Inaccurate:     	White=1     	Black=1      OK:         	White=9     	Black=6      Best:        	White=2     	Black=4      Strong:       	White=1     	Black=4      Brilliant:      	---       	Black=1} 0-1

[Event "1st Festival ChessInLyon-GM 2024"]
[Site "Lyon"]
[Date "2024.04.26"]
[Round "7.2"]
[White "Gatineau, Yovann"]
[Black "Tahay, Alexis"]
[Result "1/2-1/2"]
[ECO "D38"]
[WhiteElo "2408"]
[BlackElo "2382"]
[Annotator "TA"]
[PlyCount "144"]
[EventDate "2024.04.23"]
[EventType "tourn"]
[EventCountry "FRA"]
[SourceTitle "playchess.com"]
[Source "ChessBase"]
[SourceQuality "1"]
[TimeControl "40/5400+30:1800+30"]

1. d4 Nf6 2. c4 e6 3. Nf3 d5 4. Nc3 Bb4 5. Bg5 h6 6. Bxf6 Qxf6 7. Qa4+ Nc6 8. e3 O-O {[%emt 0:00:25] D38: Queen's Gambit Declined: Ragozin Defence (4 Nf3 Bb4).} 9. Be2 $1 {[%emt 0:00:06] The main line 9.Be2 scores better than 9.Rc1.} dxc4 10. O-O Bd7 11. Bxc4 Bxc3 12. bxc3 Rfd8 13. Be2 Be8 14. Qa3 Qe7 15. Qb2 Na5 16. Qb4 Qxb4 17. cxb4 Nc6 18. Rab1 Ne7 $146 ({Predecessor:} 18... a6 19. Rfc1 Rdc8 20. Nd2 Ne7 21. Kf1 Bb5 22. Nb3 c6 23. g3 Nf5 24. Nc5 Nd6 {1-0 Le,Q (2709)-Esipenko,A (2714) Airthings Masters Prelim rapid 2022 (11)}) 19. Rfc1 c6 20. Ne5 Nf5 21. Rc5 f6 22. Nd3 Nd6 23. f3 Nf7 24. Kf2 g5 25. Rc3 Nd6 26. Nc5 Bf7 27. a4 Kf8 28. e4 Rab8 29. h4 g4 30. Ke3 gxf3 31. gxf3 (31. Kxf3 b6 32. Na6 Rbc8 $15) 31... Ke7 32. Bd3 e5 33. dxe5 fxe5 34. f4 (34. Rbc1 $14) 34... exf4+ $11 35. Kxf4 Rf8 36. Ke3 $1 Bh5 37. Be2 Bxe2 38. Kxe2 Rf4 39. Rf3 Rbf8 40. Rbf1 Rxf3 41. Rxf3 Rxf3 42. Kxf3 b6 43. Nb3 Kf6 44. Nd4 c5 45. Nc6 Nc4 46. bxc5 (46. Nxa7 cxb4 47. Ke2 b3 $19) 46... a5 47. Nd4 bxc5 48. Nb3 Ne5+ 49. Ke3 Nd7 50. Kd3 Nb6 51. Nxc5 Ke5 52. h5 Kf4 53. Kd4 Kg5 54. Ke5 Kxh5 55. Kf5 Kh4 56. e5 h5 57. e6 Nd5 58. Ne4 (58. Ke5 $5 Ne7 $8 59. Ne4 $11) 58... Kh3 59. Nc3 Ne7+ 60. Kg5 (60. Kf6 $5 Nc8 $8 61. Kg5 $11) 60... h4 61. Ne2 Nc6 {[%emt 0:00:18] [#]} (61... Kg2 $11 {keeps the balance.}) 62. Nf4+ ({Only move:} 62. Kf6 $1 $16 {[%cal Oe2d4] White threatens Nd4! and mate.} Kg2 (62... Kg4 $2 63. Nd4 $18) 63. Nd4) 62... Kg3 $11 63. Nh5+ Kf3 64. Kxh4 Ke4 65. Kg5 Ke5 66. Ng7 Ne7 67. Kh6 Kf6 68. Kh7 Nc6 69. Kh6 Nd8 70. e7 Kxe7 71. Nf5+ Ke6 72. Nd4+ Kd5 1/2-1/2

[Event "1st Festival ChessInLyon-GM 2024"]
[Site "Lyon"]
[Date "2024.04.26"]
[Round "7.3"]
[White "Shyaamnikhil P"]
[Black "Crut, Aurelien"]
[Result "1-0"]
[ECO "C17"]
[WhiteElo "2390"]
[BlackElo "2312"]
[Annotator "TA"]
[PlyCount "161"]
[EventDate "2024.04.23"]
[EventType "tourn"]
[EventCountry "FRA"]
[SourceTitle "playchess.com"]
[Source "ChessBase"]
[SourceQuality "1"]
[TimeControl "40/5400+30:1800+30"]

1. e4 e6 2. d4 d5 3. Nc3 Bb4 4. e5 c5 5. Bd2 Ne7 6. a3 Bxc3 7. Bxc3 b6 8. Bb5+ {[%emt 0:00:31] 8.Bb5+ has lost popularity.} Bd7 {[%emt 0:00:50] C17: French: 3 Nc3 Bb4 4 e5 c5 sidelines.} 9. Be2 Nbc6 10. Nf3 Qc7 11. O-O O-O 12. Re1 Ng6 $146 ({Predecessor:} 12... a5 13. Bd3 h6 14. Bd2 c4 15. Be2 b5 16. c3 Ng6 17. h4 Rfb8 18. h5 Nge7 {1-0 Neuburger,I (2050)-Mihai,E (2206) BdF-Smaragd 07 email 2016}) 13. Bd3 c4 14. Bf1 f6 15. exf6 Rxf6 16. g3 Raf8 17. Bg2 h6 18. Rf1 b5 19. Bb4 Nxb4 20. axb4 Bc8 21. Ra3 a6 22. Qd2 Ne7 23. Ne5 Nc6 24. Ng4 R6f7 25. f4 Qd6 26. c3 Ra7 27. Rfa1 Kh8 28. Qe3 Kg8 29. Bf3 Raf7 30. Re1 Ra7 31. Rea1 Raf7 32. Be2 Rc7 33. Bd1 Ra7 34. Bc2 Qc7 35. Bb1 Qf7 36. Qe2 Rc7 37. Bc2 Ra7 38. Rf1 a5 39. bxa5 b4 40. Raa1 b3 41. Bb1 Qc7 42. a6 Qb6 43. h4 Rxa6 44. Rxa6 Qxa6 45. h5 Qa7 46. Kh2 Qc7 47. Re1 Qf7 48. Bg6 Qd7 49. Qg2 Qd6 50. Ra1 Bd7 51. Ra6 Bc8 52. Ra1 Bd7 53. Qg1 Qc7 54. Qe1 Qb7 55. Rd1 Qc7 56. Ra1 Qb7 $1 57. Qe3 Bc8 (57... Ne7 $16 {was necessary.} 58. Ne5 Be8) 58. Ne5 $18 Bd7 (58... Ne7 $142 59. g4 Nc6) 59. Nxc6 $18 Qxc6 60. Qe5 Qb6 61. g4 Qb8 62. Kg3 Qxe5 $2 (62... Qb6 63. g5 Qb8 64. gxh6 gxh6) 63. dxe5 $18 Be8 64. Bb1 Bc6 65. Ra6 Bd7 (65... Rc8 $142 66. f5 (66. Bg6 d4 $18) 66... Kf8 67. fxe6 Rc7) 66. Ra7 Bc6 67. Rc7 Bb5 68. Kf3 Rf7 69. Rc8+ Rf8 70. Rc5 Bd7 71. Rc7 Rd8 72. Ke3 Kf8 73. Bg6 Be8 74. Ra7 (74. Kd4 $142 Rb8 75. f5) 74... Rb8 75. f5 exf5 76. gxf5 Bc6 77. Rc7 (77. Rf7+ $142 Kg8 78. Rc7 d4+ 79. Kxd4 (79. cxd4 c3 $18) 79... Be8 80. e6 (80. Rxc4 Rd8+ 81. Ke4 Ra8 $18) (80. Kxc4 Kh8 $18) 80... Kh8 81. e7 (81. Rxc4 Ra8 $18) (81. Kxc4 Kg8 $18) 81... Bb5 82. Rc5) 77... Be8 78. f6 gxf6 79. exf6 Rd8 80. Rh7 d4+ 81. cxd4 1-0

[Event "1st Festival ChessInLyon-GM 2024"]
[Site "Lyon"]
[Date "2024.04.26"]
[Round "7.4"]
[White "Fedorchuk, Sergey A."]
[Black "Boyer, Mahel"]
[Result "0-1"]
[ECO "C07"]
[WhiteElo "2557"]
[BlackElo "2432"]
[Annotator "TA"]
[PlyCount "68"]
[EventDate "2024.04.23"]
[EventType "tourn"]
[EventCountry "FRA"]
[SourceTitle "playchess.com"]
[Source "ChessBase"]
[SourceQuality "1"]
[TimeControl "40/5400+30:1800+30"]

1. e4 e6 2. d4 d5 3. Nd2 c5 4. Ngf3 a6 5. Bd3 c4 6. Be2 b5 7. c3 dxe4 8. Nxe4 {[%emt 0:06:31] Hoping for Ne5. White is slightly better.} Bb7 9. Qc2 Nd7 10. Bf4 {[%emt 0:06:30] Repels Qc7} Qb6 11. Ne5 (11. b3 $14) 11... Ngf6 $11 12. Nxd7 Nxd7 13. Bf3 Be7 {[%emt 0:01:36] [#]} 14. Bd6 f5 $17 (14... Bxd6 15. Nxd6+ Qxd6 16. Bxb7 $11) 15. Bxe7 {[%emt 0:00:38] Bc5 would now be deadly.} fxe4 16. Bc5 $1 Nxc5 17. dxc5 Qc6 18. Bg4 O-O 19. Qe2 Rad8 20. O-O Rd3 {[%emt 0:00:13][%cal Of8f6] Black is more active.} 21. a4 {[%emt 0:01:45] Loses the game.} bxa4 $19 (21... Qxc5 22. Bxe6+ Kh8 23. axb5 axb5 24. Bg4) 22. Rfe1 (22. Rad1 $142) 22... Rf6 ({But not} 22... Qxc5 23. Bxe6+ Kh8 24. Bh3 $19 (24. Rxa4 $2 {is the wrong capture.} Qc6 $19)) 23. h3 $2 (23. Rad1 {might work better.}) 23... e3 24. fxe3 {[%emt 0:04:23] [#]} (24. f3 $142 Qxc5 25. Rxa4) 24... Rxe3 $3 25. Qc2 (25. Qd2 Rg3) 25... Rg3 26. Re2 Qxc5+ 27. Kh2 {[%emt 0:00:07] [#]} Rxg4 $1 28. hxg4 (28. Rd1 Rxg2+) 28... Rh6+ 29. Kg3 Qd6+ 30. Kf2 Qf4+ 31. Kg1 Qh2+ 32. Kf1 Rf6+ 33. Ke1 Qg1+ (33... Bxg2 $142 34. Qd1 Rf1+ 35. Kd2 Qf4+ (35... Rxd1+ $2 36. Rxd1 Qf4+ 37. Kc2 $19) 36. Re3 Rf2+ (36... Rxd1+ $2 37. Rxd1 Be4 38. Ra1 $19) 37. Qe2 Rxe2+ 38. Kxe2 Qh2 (38... Qxg4+ $2 39. Kd2 $19)) 34. Kd2 Qxa1 {[%emt 0:00:08] Weighted Error Value: White=0.97/Black=0.15 (very precise) .  Mistake:       	White=6     	---        Inaccurate:     	White=3     	Black=1      OK:         	White=5     	Black=8      Best:        	---       	Black=6      Strong:       	White=1     	---        Brilliant:      	---       	Black=1} 0-1

[Event "1st Festival ChessInLyon-GM 2024"]
[Site "Lyon"]
[Date "2024.04.26"]
[Round "7.5"]
[White "Pourramezanali, Amirreza"]
[Black "Droin, Augustin"]
[Result "1-0"]
[ECO "E14"]
[WhiteElo "2502"]
[BlackElo "2478"]
[Annotator "TA"]
[PlyCount "139"]
[EventDate "2024.04.23"]
[EventType "tourn"]
[EventCountry "FRA"]
[SourceTitle "playchess.com"]
[Source "ChessBase"]
[SourceQuality "1"]
[TimeControl "40/5400+30:1800+30"]

1. d4 d5 2. c4 e6 3. Nf3 Nf6 4. Nc3 c6 5. e3 Nbd7 6. Be2 Bd6 7. O-O O-O 8. b3 b6 9. Bb2 Bb7 10. Bd3 c5 11. cxd5 exd5 12. Nb5 {[%emt 0:01:16] E14: Queen's Indian: Classical Variation (4 e3).} Be7 13. Rc1 a6 14. Nc3 Re8 15. Re1 $146 ({Predecessor:} 15. Bf5 Qc7 16. dxc5 bxc5 17. b4 c4 18. a3 Rad8 19. h3 Nf8 20. Re1 Ne6 21. Ne2 Bd6 22. Bxf6 gxf6 23. Bb1 {1-0 Mekhitarian,K (2537)-Danielyan,V (2346) Titled Tuesday intern op 25th Apr Early blitz 2023 (4)}) 15... Rc8 16. Qe2 b5 17. dxc5 Bxc5 18. Nb1 Ne4 19. Bd4 Bxd4 20. Nxd4 Ne5 21. Rxc8 Bxc8 22. f3 Nc5 23. Bc2 Qb6 24. Nc3 Bb7 25. Qd2 Ne6 26. Nce2 Nc6 27. Nxc6 Bxc6 28. Bf5 b4 29. Bxe6 fxe6 30. Nd4 ({White should try} 30. Qd4 $14 Qb8 31. Rc1) 30... Bb7 31. f4 $1 e5 32. fxe5 Rxe5 33. Rf1 Re8 34. Rf4 (34. Qf2 {with more complications.} Qc7 35. Qf5 Qe7 36. Rf3) 34... a5 35. Nf5 Qf6 36. h3 Qa1+ 37. Kf2 Qc3 (37... h6 {feels hotter.} 38. Nd6 Qc3 39. Qd4 Qxd4 40. Rxd4 Rf8+) 38. Qd4 Qxd4 39. Nxd4 Rc8 40. Ke2 Rc1 41. Rf2 Ba6+ 42. Kf3 $1 Bd3 43. Kf4 Be4 44. Ke5 Rg1 45. Nf3 Rd1 (45... Bxf3 $1 $11 46. gxf3 Rd1) 46. Ng5 $1 $14 Bb1 47. Ne6 h6 48. Rf8+ ({Better is} 48. Rb2 $14) 48... Kh7 $11 49. Rf7 d4 50. Rxg7+ Kh8 51. Rd7 ({Reject} 51. exd4 Re1+ 52. Kd5 Rxe6 $19 (52... Bxa2 53. Rg3 $15)) 51... Rd2 (51... Bxa2 $11 52. Nxd4 (52. Rxd4 Bxb3 53. Nc5 Bc2 $17) 52... Bxb3) 52. exd4 $14 Bxa2 53. Nc5 (53. Rd8+ Kh7 $11) 53... Rxg2 {[%emt 0:00:00] [#]} (53... Re2+ $14 54. Kd6 Rxg2) 54. d5 (54. Ra7 $1 $18 {[%cal Ra7a5] and White stays clearly on top.}) 54... a4 $16 55. Nxa4 (55. bxa4 {is interesting.} b3 56. Rb7 b2 57. d6) 55... Bxb3 56. Nc5 Ba2 57. Ne4 $1 Re2 $2 (57... b3 58. Rb7 b2 59. Rb8+ Kg7 60. d6 $15) (57... Rg7 $14 58. Rd6 Re7+ 59. Kd4 Bb1) 58. Rb7 $18 Bxd5 59. Kxd5 Kg8 60. Rxb4 Re3 61. h4 Kg7 62. h5 Rh3 63. Rb7+ Kg8 64. Ke6 Re3 65. Kf5 Re1 66. Nf6+ Kf8 67. Nd7+ Kg7 68. Ne5+ Kf8 69. Kf6 Kg8 70. Rg7+ 1-0